 Dungeon Crawl Stone Soup version 0.22-a0-422-g9628fc8 (webtiles) character file.

1969 galech the Fighter (level 9, -8/77 HPs)
             Began as a Gnoll Wanderer on May 17, 2018.
             Was a Follower of Okawaru.
             Mangled by a manticore (12 damage)
             ... on level 5 of the Dungeon.
             The game lasted 00:16:02 (8487 turns).

galech the Fighter (Gnoll Wanderer)                 Turns: 8487, Time: 00:16:03

Health: -8/77      AC: 15    Str: 14    XL:     9   Next: 20%
Magic:  14/14      EV: 10    Int: 19    God:    Okawaru [*.....]
Gold:   350        SH:  0    Dex: 14    Spells: 15/15 levels left

rFire    . . .     SeeInvis +   J - +3 dire flail (curse)
rCold    . . .     Gourm    .   (shield currently unavailable)
rNeg     . . .     Faith    .   v - +0 chain mail
rPois    .         Spirit   .   L - +0 helmet
rElec    .         Reflect  .   E - +0 cloak
rCorr    .         Harm     .   h - +0 pair of gloves
MR       .....                  (no boots)
Stlth    +.........             (no amulet)
HPRegen  0.22/turn              D - ring of see invisible
MPRegen  0.14/turn              (no ring)

@: heroism, drained
A: distributed training, fangs 1, strong nose
a: Heroism, Renounce Religion


You were on level 5 of the Dungeon.
You worshipped Okawaru.
Okawaru was aware of your devotion.
You were very hungry.

You visited 2 branches of the dungeon, and saw 8 of its levels.

You collected 350 gold pieces.

Inventory:

Hand Weapons
 a - a +3 hand axe
 e - a +0 dagger
 u - a +0 vampiric short sword
 x - a +2 falchion of electrocution
 y - a +2 falchion of holy wrath
 H - the +1 falchion "Beastbane" {holy, rPois rN++ Dex-2 SInv}
   (You found it on level 6 of the Dungeon)

   It has been blessed by the Shining One to cause great damage to the undead
   and demons.
   It affects your dexterity (-2).
   It protects you from poison.
   It greatly protects you from negative energy.
   It lets you see invisible.
 J - a cursed +3 dire flail (weapon)
 M - a +4 quarterstaff of chaos
Armour
 h - a +0 pair of gloves (worn)
 s - a +0 plate armour
 v - a +0 chain mail (worn)
 w - a scarf of cloud immunity
 E - a +0 cloak (worn)
 L - a +0 helmet (worn)
Jewellery
 D - a ring of see invisible (left hand)
Wands
 b - a wand of polymorph (13)
 i - a wand of iceblast (6)
 I - a wand of random effects (23)
 K - a wand of acid (5)
Scrolls
 d - a scroll of amnesia {unknown}
 j - 2 scrolls of magic mapping
 q - 3 scrolls of enchant weapon
 r - 2 scrolls of enchant armour {unknown}
 t - 5 scrolls of identify {unknown}
 z - a scroll of fear {unknown}
 B - a scroll of blinking {unknown}
 G - a scroll of immolation {unknown}
 N - a scroll of remove curse
Potions
 c - 2 potions of curing
 g - 4 potions of agility
 k - 3 potions of brilliance {unknown}
 l - 3 potions of haste {unknown}
 m - 2 potions of invisibility {unknown}
 n - a potion of mutation {unknown}
 o - a potion of flight {unknown}
 p - a potion of magic {unknown}
 C - a potion of degeneration {unknown}
 F - 2 potions of lignification {unknown}
Comestibles
 f - 19 rations


   Skills:
 + Level 9.4(14.0) Fighting
 + Level 3.9(8.6) Short Blades
 + Level 3.9(8.6) Long Blades
 + Level 6.1(10.7) Axes
 + Level 3.9(8.6) Maces & Flails
 + Level 3.9(8.6) Polearms
 + Level 3.9(8.6) Staves
 + Level 3.9(8.6) Slings
 + Level 3.9(8.6) Bows
 + Level 3.9(8.6) Crossbows
 + Level 4.7(9.4) Throwing
 + Level 3.9(8.6) Armour
 + Level 4.7(9.4) Dodging
 + Level 5.8(10.4) Stealth
 + Level 3.9(8.6) Shields
 + Level 3.9(8.6) Unarmed Combat
 + Level 3.9(3.6) Spellcasting
 + Level 3.2(2.9) Conjurations
 + Level 3.2(2.9) Hexes
 + Level 3.2(2.9) Charms
 + Level 3.2(2.9) Summonings
 + Level 3.2(2.9) Necromancy
 + Level 3.2(2.9) Translocations
 + Level 3.2(2.9) Transmutations
 + Level 3.2(2.9) Fire Magic
 + Level 3.2(2.9) Ice Magic
 + Level 3.2(2.9) Air Magic
 + Level 3.2(2.9) Earth Magic
 + Level 3.2(2.9) Poison Magic
 + Level 4.3(4.0) Invocations
 + Level 3.9(3.6) Evocations


You had 15 spell levels left.
You didn't know any spells.
Your spell library was empty.

Dungeon Overview and Level Annotations

Branches:
Dungeon (7/15)             Temple (1/1) D:6

Altars:
Ashenzari
Dithmenos
Elyvilon
Gozag
Kikubaaqudgha
Nemelex Xobeh
Okawaru
Qazlal
Trog
Uskayaw
Vehumet
Wu Jian
Xom
Zin
The Shining One

Annotations:
D:5 Ijustatesigmund's ghost, amateur TrFi
D:7 Veiltonx's ghost, novice OgBe


Innate Abilities, Weirdness & Mutations

Your experience applies equally to all skills.
You have very sharp teeth.
Your uncanny sense of smell can sniff out nearby items.


Message History

The manticore is almost dead.
The manticore closely misses you.
The manticore claws you but does no damage.
The manticore claws you!
* * * LOW HITPOINT WARNING * * *
You feel better.
The manticore bites you but does no damage.
The manticore claws you.
* * * LOW HITPOINT WARNING * * *
The manticore claws you but does no damage.
You feel better.
The manticore bites you but does no damage.
The manticore claws you!
* * * LOW HITPOINT WARNING * * *
The manticore claws you!
* * * LOW HITPOINT WARNING * * *
You barely miss the manticore.
The manticore is almost dead.
The manticore bites you!
You die...

..### ##..##############...##
....#######≈≈§≈§§§§###......###
........##§≈≈≈§≈§≈§§##........#
......###≈≈≈≈≈≈§≈≈§§§##.....W.##
......##§§§≈≈≈≈≈≈§≈≈≈≈##...##..##
.....##≈§§§≈≈≈≈≈≈≈≈≈≈≈≈##)####..#
.....#≈§≈§§§≈≈≈≈≈≈§≈≈§§§### ##..
.....#§§§§§§≈≈≈≈H≈≈≈§§§≈ ###
..##.#§≈≈≈≈≈≈...@≈≈≈§§§§ #
####.'........≈≈.≈§≈§§§§
#.'...§§...≈≈§≈≈≈≈≈§≈
####≈≈≈≈§§≈..§§§§§≈≈≈≈
###..#≈≈≈§≈§≈§§§≈§§§≈≈≈§
#....#≈≈≈≈≈≈≈≈§≈≈≈≈≈§§≈≈
.....##≈≈§§§§≈§§≈≈≈≈≈≈≈#
......##≈§§§≈≈§§≈≈§≈§≈##
......<##§≈≈§§§≈≈≈≈≈


You could see a manticore.

Vanquished Creatures
  A steam dragon (D:7)
  Duvessa (D:4)
  2 ice beasts
  2 ogres
  A centaur (D:6)
  A big kobold (D:4)
  A wyvern skeleton (D:4)
  Dowan (D:4)
  A scorpion (D:5)
  4 wights (D:6)
  A crimson imp (D:5)
  A hound (D:5)
  A bullfrog zombie (D:2)
  Crazy Yiuf (D:6)
  2 orc priests (D:6)
  2 centaur skeletons
  A gnoll shaman (D:6)
  An iguana (D:4)
  7 orc wizards
  6 worker ants
  A hound zombie (D:5)
  4 gnolls (D:6)
  A howler monkey skeleton (D:5)
  9 adders
  A shadow imp (D:7)
  2 oozes
  An adder zombie (D:5)
  An adder skeleton (D:6)
  6 worms
  3 dart slugs
  3 leopard geckos
  19 orcs
  2 ball pythons
  7 bats
  6 giant cockroaches
  7 goblins
  9 hobgoblins
  5 jackals
  14 kobolds
  4 quokkas
  7 frilled lizards
  A jackal skeleton (D:6)
  A quokka skeleton (D:5)
  5 rats
157 creatures vanquished.

Notes
Turn   | Place    | Note
-------+----------+-------------------------------------------
     0 | D:1      | galech the Gnoll Wanderer began the quest for the Orb.
     0 | D:1      | galech set off with: a +2 hand axe, a scroll of teleportation, a potion of curing, a +0 robe, a +0 dagger, a ration
     0 | D:1      | Reached XP level 1. HP: 26/26 MP: 1/1
    69 | D:1      | Reached XP level 2. HP: 24/33 MP: 2/2
   191 | D:1      | Reached XP level 3. HP: 31/38 MP: 3/3
   555 | D:1      | Reached skill level 1 in Invocations
   632 | D:2      | Reached skill level 1 in Short Blades
   632 | D:2      | Reached skill level 1 in Long Blades
   632 | D:2      | Reached skill level 1 in Maces & Flails
   632 | D:2      | Reached skill level 1 in Polearms
   632 | D:2      | Reached skill level 1 in Staves
   632 | D:2      | Reached skill level 1 in Slings
   632 | D:2      | Reached skill level 1 in Bows
   632 | D:2      | Reached skill level 1 in Crossbows
   632 | D:2      | Reached skill level 1 in Armour
   632 | D:2      | Reached skill level 1 in Shields
   632 | D:2      | Reached skill level 1 in Unarmed Combat
   632 | D:2      | Reached skill level 1 in Spellcasting
   632 | D:2      | Reached skill level 1 in Evocations
   667 | D:2      | Reached XP level 4. HP: 41/45 MP: 5/5
   800 | D:2      | Reached skill level 1 in Conjurations
   800 | D:2      | Reached skill level 1 in Hexes
   800 | D:2      | Reached skill level 1 in Charms
   800 | D:2      | Reached skill level 1 in Summonings
   800 | D:2      | Reached skill level 1 in Necromancy
   800 | D:2      | Reached skill level 1 in Translocations
   800 | D:2      | Reached skill level 1 in Transmutations
   800 | D:2      | Reached skill level 1 in Fire Magic
   800 | D:2      | Reached skill level 1 in Ice Magic
   800 | D:2      | Reached skill level 1 in Air Magic
   800 | D:2      | Reached skill level 1 in Earth Magic
   800 | D:2      | Reached skill level 1 in Poison Magic
   931 | D:2      | Reached XP level 5. HP: 46/51 MP: 6/6
  1898 | D:4      | Reached XP level 6. HP: 35/57 MP: 8/8
  2085 | D:4      | Noticed Dowan
  2086 | D:4      | Noticed Duvessa
  2108 | D:4      | Killed Dowan
  2393 | D:4      | Reached skill level 5 in Axes
  2397 | D:4      | Got a distressingly furry robe
  2417 | D:4      | Identified the cursed +0 robe "Goeb Ozihuro" {Str+2 Int-2 Stlth+} (You found it on level 4 of the Dungeon)
  2683 | D:4      | Killed Duvessa
  2683 | D:4      | Reached XP level 7. HP: 35/63 MP: 10/10
  2886 | D:4      | HP: 2/63 [wyvern skeleton (2)]
  3541 | D:5      | Entered Level 5 of the Dungeon
  3745 | D:5      | Reached skill level 9 in Fighting
  3745 | D:5      | Reached skill level 5 in Stealth
  3990 | D:5      | Reached XP level 8. HP: 62/71 MP: 12/12
  4268 | D:5      | Noticed Ijustatesigmund's ghost (amateur TrFi)
  5751 | D:5      | Noticed a manticore
  6152 | D:6      | Got a scorched falchion
  6153 | D:6      | Identified the +1 falchion "Beastbane" {holy, rPois rN++ Dex-2 SInv} (You found it on level 6 of the Dungeon)
  6432 | D:6      | Found a staircase to the Ecumenical Temple.
  6451 | Temple   | Entered the Ecumenical Temple
  6541 | Temple   | Became a worshipper of Warmaster Okawaru
  7207 | D:6      | Found a runed door.
  7211 | D:6      | Noticed Crazy Yiuf
  7225 | D:6      | Killed Crazy Yiuf
  7225 | D:6      | Reached XP level 9. HP: 44/76 MP: 14/14
  7506 | D:6      | Reached * piety under Okawaru
  8196 | D:7      | Noticed Veiltonx's ghost (novice OgBe)
  8487 | D:5      | Mangled by a manticore

Vault maps used:
D:1:      saegor_arrival_simple_c
D:2:      kennysheep_big_empty_room
D:4:      first_ration, serial_bayou_pond_d, nrook_uturn, uniq_duvessa
D:5:      kennysheep_big_flooded_room
D:6:      minmay_temple_entry_trees, uniq_crazy_yiuf_cottage
D:7:      cheibrodos_steamvent, serial_shops, nicolae_shop_stone
Temple:   kilobyte_greek_temple

Skill      XL: |  1  2  3  4  5  6  7  8  9 |
---------------+----------------------------+-----
Invocations    | 1 2 3 4 |  4.3
Short Blades   | 1 2 3 |  3.9
Long Blades    | 1 2 3 |  3.9
Maces & Flails | 1 2 3 |  3.9
Polearms       | 1 2 3 |  3.9
Staves         | 1 2 3 |  3.9
Slings         | 1 2 3 |  3.9
Bows           | 1 2 3 |  3.9
Crossbows      | 1 2 3 |  3.9
Armour         | 1 2 3 |  3.9
Shields        | 1 2 3 |  3.9
Unarmed Combat | 1 2 3 |  3.9
Spellcasting   | 1 2 3 |  3.9
Evocations     | 1 2 3 |  3.9
Conjurations   | 1 2 3 |  3.2
Hexes          | 1 2 3 |  3.2
Charms         | 1 2 3 |  3.2
Summonings     | 1 2 3 |  3.2
Necromancy     | 1 2 3 |  3.2
Translocations | 1 2 3 |  3.2
Transmutations | 1 2 3 |  3.2
Fire Magic     | 1 2 3 |  3.2
Ice Magic      | 1 2 3 |  3.2
Air Magic      | 1 2 3 |  3.2
Earth Magic    | 1 2 3 |  3.2
Poison Magic   | 1 2 3 |  3.2
Throwing       | 3 4 |  4.7
Dodging        | 3 4 |  4.7
Axes           | 5 6 |  6.1
Fighting       | 9 |  9.4
Stealth        | 5 |  5.8

Action                   |  1- 3 |  4- 6 |  7- 9 || total
-------------------------+-------+-------+-------++-------
Melee: Hand axe          |    76 |   206 |   350 ||   632
       Bite              |     3 |    21 |    51 ||    75
       Punch             |       |       |     5 ||     5
       Dire flail        |       |       |    38 ||    38
Invok: Heroism           |       |       |     2 ||     2
  Use: Scroll            |       |     5 |     3 ||     8
       Potion            |       |       |     3 ||     3
 Stab: Sleeping          |     3 |       |       ||     3
  Eat: Chunk             |       |     6 |    14 ||    20
       Ration            |       |       |     1 ||     1
Armor: Robe              |    16 |       |       ||    16
       Scale mail        |    14 |    10 |       ||    24
       Plate armour      |       |    23 |       ||    23
       Chain mail        |       |    72 |   241 ||   313
Dodge: Dodged            |    52 |    52 |   151 ||   255

Table legend:
 A = Spawn XP
 B = Non-spawn XP
 C = Spawn XP percentage of total XP
 D = Spawn monster count
 E = Non-spawn monster count
 F = Spawn count percentage of total count
 G = Total turns spent on level
                    A         B        C        D         E        F      G
               +---------+---------+-------+---------+---------+-------+---------
         Total |       0 |    2813 |   0.0 |       0 |     157 |   0.0 |  8487
               +---------+---------+-------+---------+---------+-------+---------
           D:1 |       0 |      56 |   0.0 |       0 |      31 |   0.0 |   584
           D:2 |       0 |     169 |   0.0 |       0 |      28 |   0.0 |   650
           D:3 |       0 |      42 |   0.0 |       0 |      14 |   0.0 |   646
           D:4 |       0 |     735 |   0.0 |       0 |      22 |   0.0 |  2816
           D:5 |       0 |     471 |   0.0 |       0 |      22 |   0.0 |  1329
           D:6 |       0 |    1149 |   0.0 |       0 |      37 |   0.0 |  1931
           D:7 |       0 |     191 |   0.0 |       0 |       3 |   0.0 |   408
               +---------+---------+-------+---------+---------+-------+---------
